 Dungeon Crawl Stone Soup version 0.31.0-11-ge490571c62 (webtiles) character file.

Game seed: 14055542450536560804

13509827 Hi5aMiFi the Rhythm of Life and Death (level 27, 273/273 HPs)
             Began as a Ghoul Summoner on Feb 3, 2024.
             Was a Follower of Uskayaw.
             Escaped with the Orb
             ... and 15 runes on Feb 4, 2024!
             The game lasted 15:16:22 (118300 turns).

Hi5aMiFi the Rhythm of Life and Death (GhSu)      Turns: 118300, Time: 15:16:22

Health: 273/273    AC: 43    Str: 26    XL:     27
Magic:  49/49      EV: 15    Int: 16    God:    Uskayaw [*.....]
Gold:   8987       SH: 36    Dex: 15    Spells: 23/32 levels left

rFire   + +          .
                       - Unarmed
rCold   + + +        k - +6 tower shield
rNeg    + + +        j - +10 plate armour {rF+}
rPois   ∞            m - +3 crown of Dyrovepreva {rElec Int+2 SInv}
rElec   +            y - scarf {rC+ rF+}
rCorr   .            E - +2 pair of gloves "Kotaocunint" {rElec rC+}
SInv    +            W - +2 pair of boots {rampage}
Will    +++..        e - amulet "Voec" {Reflect rC++ SH+5} Stlth
                     v - ring "Yrasiat" {rC++ Will+ MP+9 Slay+5 Stlth-}
HPRegen 0.00/turn    S - ring "Ugheh" {^Contam Dex+6 Slay+6}
MPRegen 0.31/turn

%: reflection, rampage
@: inhibited regen, glowing, studying 5 skills
A: claws 1, cold resistance 1, negative energy resistance 3, inhibited
regeneration, torment resistance 2, devour on kill
0: Orb of Zot
}: 15/15 runes: barnacled, slimy, silver, golden, iron, obsidian, icy, bone,
abyssal, demonic, glowing, magical, fiery, dark, gossamer
a: Renounce Religion, Stomp


You escaped.
You worshipped Uskayaw.
Uskayaw was exalted by your worship.
You visited 18 branches of the dungeon, and saw 86 of its levels.
You visited Pandemonium 1 time, and saw 23 of its levels.
You visited the Abyss 5 times.
You visited 1 bazaar.
You also visited: Trove, Ice Cave, Volcano, Wizlab and Desolation.

You collected 18669 gold pieces.
You spent 9682 gold pieces at shops.

Inventory:

Missiles
 c - 13 darts of dispersal
 t - 3 throwing nets
 x - 79 boomerangs
 N - 35 silver javelins (quivered)
 R - 2 javelins
Armour
 j - a +10 plate armour of fire resistance (worn)
 k - a +6 tower shield (worn)
 m - the +3 crown of Dyrovepreva (worn) {rElec Int+2 SInv}
   (You found it in a treasure trove)

   Int+2:     It affects your intelligence (+2).
   rElec:     It insulates you from electricity.
   SInv:      It lets you see invisible.
 y - a scarf of resistance (worn)
 z - a +2 cloak
 E - the +2 pair of gloves "Kotaocunint" (worn) {rElec rC+}
   (You found it on level 3 of the Elven Halls)

   rC+:       It protects you from cold.
   rElec:     It insulates you from electricity.
 W - a +2 pair of boots of rampaging (worn)
Jewellery
 e - the amulet "Voec" (around neck) {Reflect rC++ SH+5}
   (You bought it in a shop in a bazaar)

   [amulet of reflection]

   Reflect:   It reflects blocked missile attacks.
   rC++:      It greatly protects you from cold.
   SH+5:      It affects your SH (+5).
 n - the ring "Raunlo" {rF+++ Will++ MP-9 AC+4 Int-5}
   (You found it on level 5 of the Vaults)

   [ring of protection]

   AC+4:      It affects your AC (+4).
   Int-5:     It affects your intelligence (-5).
   rF+++:     It renders you almost immune to fire.
   Will++:    It greatly increases your willpower.
   MP-9:      It affects your magic capacity (-9).
 q - a ring of resist corrosion
 r - the ring of Kobaurhe {rPois Will+ Slay+3 SInv}
   (You found it in the Desolation of Salt)

   [ring of see invisible]

   Slay+3:    It affects your accuracy & damage with ranged weapons and melee
   (+3).
   rPois:     It protects you from poison Will+: It increases your willpower.
   SInv:      It lets you see invisible.
 v - the ring "Yrasiat" (left hand) {rC++ Will+ MP+9 Slay+5 Stlth-}
   (You found it in a wizard's laboratory)

   [ring of willpower]

   Slay+5:    It affects your accuracy & damage with ranged weapons and melee
   (+5).
   rC++:      It greatly protects you from cold.
   Will+:     It increases your willpower.
   MP+9:      It affects your magic capacity (+9).
   Stlth-:    It makes you less stealthy.
 B - the ring "Quitsacw" {Fly rF+ rC+ Will+ Stlth+}
   (You found it on level 3 of the Tomb of the Ancients)

   [ring of willpower]

   rF+:       It protects you from fire.
   rC+:       It protects you from cold.
   Will+:     It increases your willpower.
   Fly:       It grants you flight.
   Stlth+:    It makes you more stealthy.
 F - the amulet "Wantom" {Faith Int+3 SInv}
   (You found it on level 7 of Gehenna)

   [amulet of faith]

   Faith:     It allows you to gain divine favour quickly.
   Int+3:     It affects your intelligence (+3).
   SInv:      It lets you see invisible.
 S - the ring "Ugheh" (right hand) {^Contam Dex+6 Slay+6}
   (You took it off an imperial myrmidon in the Desolation of Salt)

   [ring of dexterity]

   Dex+6:     It affects your dexterity (+6).
   Slay+6:    It affects your accuracy & damage with ranged weapons and melee
   (+6).
   ^Contam:   It causes magical contamination when unequipped.
 V - a ring of protection from fire
Wands
 a - a wand of light (41)
 A - a wand of digging (38)
 I - a wand of charming (60)
 Y - a wand of roots (80)
Scrolls
 b - 13 scrolls of teleportation
 p - 9 scrolls of vulnerability
 C - 7 scrolls of poison
 H - 3 scrolls of fog
 K - 4 scrolls of immolation
 O - 2 scrolls of torment
 X - 4 scrolls of fear
Potions
 d - 6 potions of resistance
 f - 7 potions of curing
 i - 15 potions of attraction
 u - 8 potions of ambrosia
 D - 4 potions of magic
 J - 7 potions of invisibility
 L - 3 potions of cancellation
 M - 3 potions of heal wounds
Miscellaneous
 g - a condenser vane
 h - a box of beasts
 o - a phantom mirror
 w - a figurine of a ziggurat
 P - a lightning rod (4/4)
 T - the horn of Geryon


   Skills:
 O Level 27 Fighting
 - Level 1.0 Short Blades
 - Level 1.1 Polearms
 - Level 3.0 Ranged Weapons
 O Level 27 Throwing
 O Level 27 Armour
 - Level 14.0 Dodging
 - Level 2.1 Stealth
 O Level 27 Shields
 O Level 27 Unarmed Combat
 - Level 3.0 Spellcasting
 - Level 7.1 Summonings
 - Level 7.1 Ice Magic
 O Level 27 Invocations
 + Level 23.4 Evocations


You had 23 spell levels left.
You knew the following spells:

 Your Spells              Type           Power      Damage    Failure   Level
a - Summon Small Mammal   Summ           100%       N/A       3%          1
b - Call Imp              Summ           50%        N/A       4%          2
c - Call Canine Familiar  Summ           25%        N/A       10%         3
d - Summon Ice Beast      Ice/Summ       25%        N/A       10%         3

Your spell library contained the following spells:

 Spells                   Type           Power      Damage    Failure   Level
 Freeze                   Ice            100%       1d10      3%          1
 Ozocubu's Armour         Ice            25%        N/A       9%          3
 Ensorcelled Hibernation  Hex/Ice        26%        N/A       21%         2
 Hailstorm                Conj/Ice       13%        3d6       36%         3
 Apportation              Tloc           4%         N/A       50%         1
 Magic Dart               Conj           8%         1d3       50%         1
 Necrotise                Necr           8%         1d4       50%         1
 Sandblast                Erth           4%         2d4       50%         1
 Slow                     Hex            8%         N/A       50%         1
 Sting                    Conj/Alch      8%         1d3       50%         1
 Blink                    Tloc           4%         N/A       65%         2
 Cigotuvi's Dreadful Rot  Necr/Alch/Air  4%         N/A       65%         2
 Jinxbite                 Hex            4%         N/A       65%         2
 Lesser Beckoning         Tloc           4%         N/A       65%         2
 Mercury Vapours          Alch/Air       4%         N/A       65%         2
 Momentum Strike          Conj/Tloc      4%         3d8       65%         2
 Static Discharge         Conj/Air       4%         3-4/arc   65%         2
 Animate Armour           Summ/Erth      26%        N/A       80%         4
 Martyr's Knell           Necr/Summ      13%        N/A       80%         4
 Summon Blazeheart Golem  Fire/Summ      13%        N/A       80%         4
 Summon Lightning Spire   Summ/Air       13%        N/A       80%         4
 Confusing Touch          Hex            2%         N/A       86%         3
 Dazzling Flash           Conj/Hex       4%         N/A       86%         3
 Fugue of the Fallen      Necr           2%         N/A       86%         3
 Gell's Gravitas          Tloc           2%         N/A       86%         3
 Inner Flame              Hex/Fire       2%         N/A       86%         3
 Mephitic Cloud           Conj/Alch/Air  2%         N/A       86%         3
 Passwall                 Erth           2%         N/A       86%         3
 Sigil of Binding         Hex            2%         N/A       86%         3
 Stone Arrow              Conj/Erth      4%         3d7       86%         3
 Swiftness                Air            2%         N/A       86%         3
 Teleport Other           Tloc           2%         N/A       86%         3
 Tukima's Dance           Hex            2%         N/A       86%         3
 Vampiric Draining        Necr           2%         2d6       86%         3
 Volatile Blastmotes      Fire/Tloc      4%         2d10      86%         3
 Metabolic Englaciation   Hex/Ice        6%         N/A       98%         5
 Summon Forest            Summ/Tloc      6%         N/A       98%         5
 Summon Mana Viper        Hex/Summ       13%        N/A       98%         5
 Airstrike                Air            1%         2d(1-17)  99%         4
 Anguish                  Hex/Necr       1%         N/A       99%         4
 Animate Dead             Necr           2%         N/A       99%         4
 Brom's Barrelling Bould  Conj/Erth      2%         2d3       99%         4
 Cause Fear               Hex            1%         N/A       99%         4
 Dimensional Bullseye     Hex/Tloc       1%         N/A       99%         4
 Dispel Undead            Necr           2%         3d7       99%         4
 Fulminant Prism          Conj/Alch      1%         3d5       99%         4
 Ignite Poison            Fire/Alch      2%         N/A       99%         4
 Iskenderun's Mystic Bla  Conj/Tloc      2%         2d3       99%         4
 Manifold Assault         Tloc           2%         N/A       99%         4
 Olgreb's Toxic Radiance  Alch           2%         N/A       99%         4
 Passage of Golubria      Tloc           2%         N/A       99%         4
 Petrify                  Alch/Erth      2%         N/A       99%         4
 Sticky Flame             Fire/Alch      2%         2d4       99%         4
 Vhi's Electric Charge    Tloc/Air       4%         N/A       99%         4
 Freezing Cloud           Conj/Ice/Air   5%         6-21      99%         5
 Summon Cactus Giant      Summ           12%        N/A       99%         6
 Alistair's Intoxication  Alch           1%         N/A       100%        5
 Arcjolt                  Conj/Air       1%         1d11      100%        5
 Borgnjor's Vile Clutch   Necr/Erth      1%         N/A       100%        5
 Curse of Agony           Necr           2%         N/A       100%        5
 Fireball                 Conj/Fire      1%         3d3       100%        5
 Irradiate                Conj/Alch      1%         3d12      100%        5
 Iskenderun's Battlesphe  Conj           2%         2d6       100%        5
 Lee's Rapid Deconstruct  Erth           1%         3d4*      100%        5
 Silence                  Hex/Air        1%         N/A       100%        5
 Yara's Violent Unravell  Hex/Alch       1%         3d3       100%        5
 Bombard                  Conj/Erth      1%         9d1       100%        6
 Conjure Ball Lightning   Conj/Air       1%         3x3d6     100%        6
 Death Channel            Necr           1%         N/A       100%        6
 Dispersal                Tloc           1%         N/A       100%        6
 Eringya's Noxious Bog    Alch           1%         4d6       100%        6
 Plasma Beam              Fire/Air       1%         2x1d11    100%        6
 Sculpt Simulacrum        Ice/Alch       6%         N/A       100%        6
 Enfeeble                 Hex            1%         N/A       100%        7
 Haunt                    Necr/Summ      6%         N/A       100%        7
 Monstrous Menagerie      Summ           12%        N/A       100%        7
 Orb of Destruction       Conj           1%         9d5       100%        7
 Ozocubu's Refrigeration  Ice            12%        4d10      100%        7
 Discord                  Hex            1%         N/A       100%        8
 Disjunction              Tloc           1%         N/A       100%        8
 Ignition                 Fire           1%         3d3       100%        8
 Lehudib's Crystal Spear  Conj/Erth      1%         10d2      100%        8
 Dragon's Call            Summ           12%        N/A       100%        9
 Polar Vortex             Ice            12%        12d1*     100%        9
 Shatter                  Erth           1%         3d5*      100%        9
 Sublimation of Blood     Necr           Unusable   N/A       N/A         2
 Borgnjor's Revivificati  Necr           Unusable   N/A       N/A         8
 Death's Door             Necr           Unusable   N/A       N/A         9

Dungeon Overview and Level Annotations

Branches:
Dungeon (15/15)            Temple (1/1) D:6            Lair (5/5) D:8
 Shoals (4/4) Lair:3       Spider (4/4) Lair:3        Slime (5/5) Lair:4
    Orc (2/2) D:10            Elf (3/3) Orc:2        Vaults (5/5) D:13
  Crypt (3/3) Vaults:3       Tomb (3/3) Crypt:3      Depths (4/4) D:15
   Hell (visited)             Dis (7/7) Hell            Geh (7/7) Hell
    Coc (7/7) Hell            Tar (7/7) Hell            Zot (5/5) Depths:4
  IceCv (visited)         Volcano (visited)          WizLab (visited)
Desolation (visited)

Altars:
Ashenzari
Cheibriados
Dithmenos
Fedhas
Gozag
Hepliaklqana
Kikubaaqudgha
Makhleb
Nemelex Xobeh
Okawaru
Qazlal
Ru
Sif Muna
Trog
Uskayaw
Vehumet
Wu Jian
Xom
Yredelemnul
Jiyva

Shops:
D:5 :   D:7 *   Orc:2 :![?   Elf:1 =   Elf:3 =*!   Shoals:1 (   Shoals:3 !
Vaults:1 (   Vaults:2 [   Vaults:3 [   Depths:1 :*   Depths:3 *=:=

Portals:
Hell: Depths:1 Depths:2 Depths:3 Depths:4
Abyss: Depths:3
Pandemonium: Depths:2 Depths:3
Ziggurat: Depths:1

Annotations:
D:14 Roxanne
Tar:5 17 runed translucent doors


Innate Abilities, Weirdness & Mutations

You are immune to poison.
You have sharp fingernails.
Your flesh is cold resistant. (rC+)
You are immune to negative energy. (rN+++)
You do not regenerate when monsters are visible.
You are immune to unholy pain and torment.
You thrive by killing the living.


Message History

Aiming: Dig
Press: ? - help, Shift-Dir - straight line A rock wall.
This square is covered in magical glow.
The rock shatters into small pieces.
Aiming: Dig
Press: ? - help, Shift-Dir - straight line A rock wall.
This square is covered in magical glow.
The rock shatters into small pieces.
There is a stone staircase leading up here.
You climb upwards.
There is a stone staircase leading down here.
Unknown command.
There is a shaft here.
Aiming: Dig
Press: ? - help, Shift-Dir - straight line A rock wall.
This square is covered in magical glow.
The rock shatters into small pieces.
A hellion comes into view.
A hellion is nearby!
As you read the scroll of fog, it dissolves into smoke.
There is a stone staircase leading up here.
You climb upwards.
There is a stone staircase leading down here.
Aiming: Dig
Press: ? - help, Shift-Dir - straight line A rock wall.
This square is covered in magical glow.
The rock shatters into small pieces.
A cherub comes into view.
It is wielding a +1 falchion of flaming.
Okay, then.
You rampage towards the cherub!
Blink to where?
Press: ? - help, Dir - move target
As you read the scroll of blinking, it crumbles to dust.
You block the cherub's attack. x2
You block the cherub's attack. x2
You have escaped!

############## #............#
##..#########.#
#.............#
#.#...........#
#.#.....@.....#
#.#......A....# #### #
#.............# #..# ##
#.#.#####.###.####..# .###
###.#............>....#
...####...####.#..#...###..##
##......######...§...####.##
######...................#
### #....###......#######


You could see a cherub.

Vanquished Creatures
  Cerebov (Pan)
  Antaeus (Coc:7)
  Asmodeus (Geh:7)
  the Royal Jelly (Slime:5)
  Gloorx Vloq (Pan)
  Ereshkigal (Tar:7)
  Mnoleg (Pan)
  Lom Lobon (Pan)
  the Serpent of Hell (Dis:7)
  11 dread liches
  Khufu (Tomb:3)
  Dispater (Dis:7)
  13 ancient liches
  2 orbs of fire (Zot:5)
  4 juggernauts
  47 royal mummies
  Boris (Tomb:3)
  7 Killer Klowns
  7 shard shrikes
  Bai Suzhen (Vaults:4)
  Margery (Vaults:2)
  21 caustic shrikes
  13 golden dragons
  Geryon (Hell)
  Norris (Vaults:3)
  22 profane servitors
  Nikola (Vaults:2)
  12 Tzitzimimeh
  2 doom hounds
  11 Brimstone Fiends
  3 pandemonium lords (Pan)
  9 iron giants
  10 bone dragons
  2 electric golems (Zot:5)
  Mlioglotl (Spider:1)
  29 tentacled monstrosities
  26 Ice Fiends
  Zenata (Vaults:3)
  16 Hell Sentinels
  11 hellephants
  21 tainted leviathans
  A shard shrike skeleton (Crypt:1)
  2 deep elf blademasters (Elf:3)
  13 liches
  Asterion (Spider:2)
  17 titans
  26 Orb Guardians
  20 searing wretches
  9 quicksilver dragons
  28 tentacled starspawn
  2 krakens
  24 Executioners
  2 deep elf master archers (Elf:3)
  48 ancient champions
  13 sphinxes
  The ghost of freelancePsychic the Merchant of Misery, an adept DsMo of Kikubaaqudgha (Spider:4)
  18 acid blobs
  10 shadow dragons
  15 death cobs
  17 storm dragons
  11 tengu reavers
  5 demonspawn warmongers (Pan)
  16 protean progenitors
  3 fenstrider witches (Pan)
  Aizul (Spider:4)
  13 fire giants
  4 iron dragons
  6 draconian monks
  14 narguns
  6 revenants
  4 draconian knights
  11 frost giants
  18 rockslimes
  10 quicksilver elementals
  5 draconian shifters
  42 balrugs
  8 ghost moths
  An imperial myrmidon (Desolation)
  18 azure jellies
  5 draconian scorchers
  11 deep elf sorcerers
  3 deep elf elementalists
  5 emperor scorpions
  23 vault wardens
  8 ghouls
  5 spriggan defenders (Depths:2)
  2 spectral caustic shrikes
  16 reapers
  7 shard shrike simulacra
  4 curse skulls
  24 cacodemons
  3 orc warlords (Vaults:3)
  12 ironbound preservers
  9 draconian annihilators
  5 angels
  4 broodmothers
  17 quicksilver oozes
  7 demonspawn blood saints (Pan)
  18 stone giants
  2 caustic shrike skeletons
  4 formless jellyfish
  24 elemental wellsprings
  23 very ugly things
  A draconian stormcaller (Zot:5)
  An ophan (Abyss:3)
  10 ironbound thunderhulks
  9 vampire knights
  13 green draconians
  3 demonspawn corrupters (Pan)
  15 deep elf death magi
  Nessos (D:15)
  8 yellow draconians
  4 deep elf demonologists (Elf:3)
  8 lorocyprocas
  16 putrid mouths (Tar:7)
  24 purple draconians
  23 black draconians
  3 halazid warlocks (Desolation)
  11 deep elf annihilators
  28 war gargoyles
  9 dire elephants
  8 demonspawn black suns (Pan)
  10 bennus
  8 white draconians
  14 spark wasps
  10 red draconians
  22 wendigos
  6 merfolk javelineers
  12 ettins
  3 crystal guardians
  6 eidola
  12 iron golems
  8 deep elf high priests
  6 entropy weavers
  17 green deaths
  19 blizzard demons
  11 merfolk impalers
  3 spectral krakens (Tar:7)
  10 fire dragons
  4 ragged hierophants (Desolation)
  A spectral iron giant (Tar:4)
  4 jiangshi (Crypt:1)
  8 yaktaur captains
  15 great orbs of eyes
  39 mummy priests
  7 rakshasas
  4 hydras
  15 ice dragons
  4 peacekeepers (Desolation)
  A jorogumo (Spider:2)
  7 juggernaut simulacra
  15 caustic shrike simulacra
  12 salamander tyrants
  3 hell beasts
  2 quicksilver dragon skeletons
  6 servants of whispers (Desolation)
  5 spriggan skeletons
  44 vault guards
  3 ogre magi
  16 centaur warriors
  4 spriggan air magi
  5 merfolk aquamancers
  5 two-headed ogres
  2 alligators (Zot:1)
  An anaconda (shapeshifter) (Zot:3)
  2 naga warriors (Abyss:2)
  17 ironbound frosthearts
  7 radroaches
  4 death knights
  3 satyrs
  19 deep troll shamans
  5 catoblepae
  44 dancing weapons
  The ghost of Strat the Thaumaturge, a journeyman DEAE of Sif Muna (D:11)
  5 boulder beetles
  108 death scarabs
  28 hell hogs
  7 death yaks (Lair:5)
  14 deep troll earth magi
  8 stokers
  An alligator snapping turtle (Shoals:2)
  7 tengu warriors
  A sphinx skeleton (Crypt:1)
  A spectral naga (Tar:4)
  3 spriggan berserkers
  7 vampire magi
  14 thrashing horrors
  12 demonic crawlers
  6 orc high priests
  2 titan skeletons
  A spectral dire elephant (Tar:2)
  Sonja (Lair:5)
  5 shock serpents
  35 soul eaters
  49 sun demons
  9 crystal echidnas
  Amaemon (Lair:2)
  15 hell knights
  5 hellephant skeletons (Pan)
  19 iron trolls
  14 wretched stars
  9 skysharks
  16 deep elf knights
  7 pharaoh ants
  30 sixfirhies
  A spectral bunyip (Tar:1)
  10 sea snakes
  A spectral anaconda (Tar:4)
  3 spatial maelstroms
  A storm dragon skeleton (Vaults:4)
  6 shadow wraiths
  16 orb spiders
  2 salamander mystics (Depths:2)
  13 flayed ghosts
  4 death drakes (Depths:4)
  12 glowing orange brains
  7 shadow demons (Pan)
  79 deep trolls
  A bunyip skeleton (Crypt:3)
  A sea snake (shapeshifter) (Vaults:5)
  59 skeletal warriors
  3 cherubim
  A death drake (shapeshifter) (Vaults:5)
  A golden dragon zombie (Vaults:4)
  8 quicksilver dragon simulacra
  12 deep elf archers
  11 arcanists
  A bog body (Crypt:2)
  12 sun moths
  20 ironbound convokers
  A goliath frog zombie (Crypt:1)
  4 necromancers
  2 anaconda skeletons
  12 orc knights
  9 phantasmal warriors
  7 spriggan simulacra
  66 starcursed masses
  An iron giant skeleton (Crypt:3)
  52 large abominations
  4 steelbarb worms
  A wolf spider zombie (Crypt:2)
  An alligator zombie (Hell)
  29 deep elf pyromancers
  A steelbarb worm (shapeshifter) (D:13)
  15 harpies
  A fenstrider witch simulacrum (Coc:1)
  11 lindwurms
  24 deep elf zephyrmancers
  19 wolf spiders
  17 fauns
  5 orc sorcerers
  A shadow dragon skeleton (Tomb:2)
  A salamander (shapeshifter) (Vaults:5)
  16 manticores
  3 shining eyes
  A goliath frog skeleton (Crypt:1)
  10 meliai
  6 cyclopes
  30 moths of wrath
  A worldbinder (Abyss:2)
  A moth of wrath (shapeshifter) (D:13)
  7 salamanders
  52 ugly things
  20 elephants
  3 apocalypse crabs (Abyss:3)
  2 alligator skeletons
  2 iron dragon skeletons
  A meliai (shapeshifter) (Abyss:4)
  7 eyes of devastation
  A fire giant skeleton (Crypt:1)
  4 rust devils
  3 centaur skeletons (Crypt:3)
  20 vault sentinels
  9 merfolk sirens
  A centaur zombie (Abyss:3)
  3 black mambas
  2 guardian serpents
  A dire elephant zombie (Tomb:2)
  3 eyes of devastation (shapeshifter)
  A stone giant skeleton (Vaults:4)
  42 smoke demons
  A water nymph (shapeshifter) (Vaults:5)
  13 molten gargoyles
  19 orange demons
  2 gargoyles
  4 titan simulacra
  4 water nymphs
  A shock serpent skeleton (Crypt:2)
  4 cane toads
  2 kobold demonologists (D:13)
  2 unseen horrors
  3 torpor snails
  2 sea snake zombies (Hell)
  19 hellions
  12 spectral swamp worms (Tar:7)
  A dire elephant skeleton (Crypt:3)
  9 efreet
  3 rime drakes
  A komodo dragon (D:10)
  An alligator snapping turtle skeleton (Crypt:3)
  A red draconian zombie (Crypt:3)
  20 yaktaurs
  A bunyip simulacrum (Tomb:3)
  10 red devils
  6 freezing wraiths
  A green draconian skeleton (Crypt:3)
  9 anaconda simulacra
  3 ice devils (Pan)
  17 tormentors
  2 spectral harpies
  A human skeleton (Vaults:4)
  4 tengu conjurers
  A golden dragon simulacrum (Coc:7)
  55 guardian mummies
  2 silent spectres (Tar:6)
  17 hellwings
  7 ancient zymes
  29 merfolk
  2 harpy skeletons (Crypt:3)
  A polar bear (Lair:3)
  2 shadow dragon simulacra (Coc:1)
  A queen bee (Lair:4)
  9 trolls
  A polar bear (shapeshifter) (D:13)
  7 hornets
  2 boulder beetle zombies (Crypt:3)
  35 raiju
  A wind drake (Shoals:3)
  3 snapping turtles
  31 saltlings (Desolation)
  21 tarantellas
  A hydra skeleton (Hell)
  2 stone giant simulacra
  4 iron dragon simulacra
  13 dream sheep
  9 blink frogs
  5 glass eyes
  154 slime creatures
  4 spriggans
  27 jumping spiders
  6 naga simulacra
  An ettin skeleton (Crypt:3)
  2 yaks (shapeshifter) (Abyss:3)
  16 culicivoras
  6 air elementals
  6 fire bats
  2 centaur simulacra (Abyss:2)
  3 vampires
  15 ynoxinuls
  8 fire elementals
  2 wyverns
  9 wraiths
  7 dire elephant simulacra
  50 yaks
  A spriggan (shapeshifter) (D:15)
  10 ushabtiu
  2 alligator snapping turtle simulacra
  A basilisk (D:13)
  21 neqoxecs
  18 water elementals
  2 steam dragons
  3 wargs
  13 golden eyes
  A redback (shapeshifter) (Vaults:5)
  56 redbacks
  6 vampire mosquitoes
  16 harpy simulacra
  21 chaos spawn
  A demonspawn zombie (Crypt:3)
  A naga (shapeshifter) (D:13)
  2 nagas (Abyss:2)
  3 great orb of eyes simulacra (IceCv)
  12 spatial vortices
  5 acid dragons
  9 hell hounds
  7 hydra simulacra
  9 water moccasins
  3 naga skeletons (Crypt:3)
  26 orc warriors
  An ice beast (Abyss:2)
  A sky beast (Abyss:2)
  38 laughing skulls
  A crocodile (shapeshifter) (D:14)
  5 ettin simulacra
  A manticore skeleton (Crypt:2)
  A black mamba simulacrum (Coc:1)
  6 boggarts
  10 wolves
  4 centaurs
  An ogre (Orc:1)
  3 slime creature simulacra (IceCv)
  A kobold brigand (D:10)
  8 weeping skulls
  3 brain worms (Abyss:3)
  2 necrophages (Crypt:2)
  A yaktaur zombie (Crypt:2)
  9 bullfrogs
  A gnoll sergeant (D:11)
  4 earth elementals (Elf:1)
  2 scorpions
  4 glowing shapeshifter simulacra
  A wyvern zombie (Crypt:3)
  29 small abominations
  A yaktaur skeleton (Crypt:3)
  2 wights
  A spriggan zombie (Crypt:3)
  A yak zombie (Crypt:2)
  25 killer bees
  9 electric eels
  3 jellies
  A yak skeleton (Crypt:2)
  2 crimson imps
  6 quasits
  A hound (D:8)
  33 orc priests
  An iguana (D:5)
  An iron imp (Abyss:4)
  A sleepcap (D:5)
  A boggart zombie (Crypt:2)
  A scorpion zombie (Crypt:1)
  17 orc wizards
  A boggart skeleton (Crypt:3)
  35 mummies
  A gnoll (D:11)
  2 adders (D:2)
  A swamp drake zombie (Crypt:1)
  2 swamp drake skeletons (Crypt:1)
  A shadow imp (D:8)
  5 ufetubi
  A lava snake zombie (Crypt:1)
  51 orcs
  A ball python (D:4)
  A bat skeleton (Crypt:3)
  A jackal (D:4)
  3 training dummies (Shoals:1)
  A bat (D:1)
  A frilled lizard (D:3)
  A kobold (D:10)
  4 aspiring fleshes
  A butterfly (Lair:3)
  5 creeping infernos
  2 lurking horrors
  9 starspawn tentacles
  8 tentacles
4377 creatures vanquished.

Vanquished Creatures (collateral kills)
  Arachne (Spider:4)
  Rupert (Spider:1)
  A moon troll (WizLab)
  Frances (D:14)
  Agnes (D:14)
  A tentacled starspawn (WizLab)
  Donald (Shoals:4)
  A daeva (Shoals:4)
  A deep elf sorcerer (Elf:3)
  A deep elf elementalist (Elf:3)
  A ghost moth (Spider:1)
  A deep elf demonologist (Elf:3)
  A deep elf annihilator (Elf:3)
  A spark wasp (Spider:4)
  An ettin (D:13)
  A merfolk javelineer (Shoals:4)
  A hydra (Lair:4)
  A centaur warrior (D:14)
  A jorogumo (Spider:2)
  A satyr (Shoals:4)
  A dancing weapon (Elf:2)
  A death yak (Lair:5)
  A two-headed ogre (D:11)
  The ghost of jasper the Severer, a novice MiBe of Trog (D:8)
  A deep troll earth mage (D:13)
  A skyshark (Lair:2)
  An orange crystal statue (WizLab)
  3 wolf spiders
  2 ugly things (D:14)
  2 manticores
  4 fauns (Shoals:4)
  6 elephants
  A black mamba (Lair:5)
  A water nymph (Shoals:3)
  An alligator snapping turtle zombie (Tomb:3)
  4 cane toads
  A kobold demonologist (D:9)
  2 komodo dragons
  2 trolls
  2 merfolk (Shoals:3)
  A polar bear (Lair:2)
  Grinder (D:4)
  2 blink frogs
  2 tarantellas
  A raiju (D:9)
  4 jumping spiders (Spider:1)
  An air elemental (Elf:1)
  A water elemental (Shoals:4)
  A vampire (D:13)
  3 wyverns
  22 yaks
  Eustachio (D:4)
  2 basilisks
  Grum (D:8)
  2 redbacks
  A steam dragon (D:6)
  A vampire mosquito (D:11)
  An acid dragon (D:11)
  4 water moccasins
  An orc warrior (D:15)
  An ice beast (D:4)
  An ogre (D:6)
  A sky beast (D:7)
  8 wolves
  2 centaurs (D:9)
  6 bullfrogs
  2 scorpions
  7 wights
  2 howler monkeys
  3 electric eels
  A crimson imp (D:11)
  A bombardier beetle (D:5)
  4 jellies
  4 orc priests
  6 hounds
  2 gnoll boudas
  3 iguanas
  4 orc wizards
  A mummy (Tomb:3)
  4 adders
  8 gnolls
  A shadow imp (D:4)
  2 white imps
  2 ufetubi
  4 ribbon worms
  A dart slug (D:5)
  21 orcs
  4 ball pythons
  2 endoplasms
  2 giant cockroaches
  4 goblins
  3 hobgoblins
  3 jackals (D:1)
  A frilled lizard (D:2)
  6 kobolds
  A rat (D:3)
  A butterfly (Lair:1)
240 creatures vanquished.

Vanquished Creatures (others)
  An Ice Fiend (Coc:7)
  An ancient champion (Dis:7)
  A shard shrike simulacrum (Coc:7)
  An ettin (D:13)
  An entropy weaver (Vaults:5)
  A rakshasa (Abyss:3)
  2 caustic shrike simulacra (Coc:7)
  2 juggernaut simulacra
  A sixfirhy (Pan)
  A quicksilver dragon simulacrum (Coc:6)
  4 spriggan simulacra
  A deep elf zephyrmancer (Elf:1)
  2 deep elf pyromancers
  2 tormentors
  2 iron giant simulacra (Coc:7)
  A golden dragon simulacrum (Coc:7)
  An iron dragon simulacrum (Coc:5)
  A neqoxec (Pan)
  3 harpy simulacra
  2 ettin simulacra (Coc:4)
  A boggart (D:14)
  A naga simulacrum (Coc:5)
  An orc (Orc:2)
  3 ball lightnings (Pan)
  A lurking horror (Abyss:2)
  58 starspawn tentacles
  47 tentacles
143 creatures vanquished.

Grand Total: 4760 creatures vanquished

Notes
Turn   | Place    | Note
-------+----------+-------------------------------------------
     0 | D:1      | Hi5aMiFi the Ghoul Summoner began the quest for the Orb.
     0 | D:1      | Reached XP level 1. HP: 14/14 MP: 3/3
   173 | D:2      | Reached XP level 2. HP: 18/22 MP: 0/4
   252 | D:2      | Learned a level 2 spell: Call Imp
   865 | D:1      | Reached skill level 1 in Fighting
  1058 | D:1      | Reached XP level 3. HP: 28/28 MP: 0/6
  1441 | D:2      | Learned a level 3 spell: Call Canine Familiar
  1521 | D:2      | Found a faded altar of an unknown god.
  2056 | D:3      | Reached XP level 4. HP: 35/35 MP: 2/7
  3144 | D:4      | Noticed a wyvern
  3214 | D:4      | Noticed a scorpion
  3226 | D:4      | Killed a scorpion
  3227 | D:4      | Reached skill level 1 in Short Blades
  3227 | D:4      | Reached XP level 5. HP: 41/41 MP: 1/9
  3458 | D:4      | Noticed an ice beast
  3501 | D:4      | Killed an ice beast
  3502 | D:4      | Reached skill level 1 in Armour
  3502 | D:4      | Reached XP level 6. HP: 50/50 MP: 0/10
  3506 | D:4      | Learned a level 3 spell: Summon Ice Beast
  3681 | D:4      | Noticed Grinder
  3950 | D:5      | Entered Level 5 of the Dungeon
  4007 | D:5      | Reached skill level 1 in Ice Magic
  4027 | D:5      | Reached skill level 5 in Summonings
  4051 | D:5      | Identified the +4 orcbow "Sarcophage" {drain, ^Fragile rC+
                  | Int+3}
  4400 | D:5      | Reached skill level 1 in Ranged Weapons
  4400 | D:5      | Reached XP level 7. HP: 56/56 MP: 1/11
  4537 | D:5      | Found Pypojeg's Tremendous Tomes.
  4852 | D:5      | Noticed a yak
  4857 | D:5      | Noticed a yak
  4861 | D:5      | Noticed a yak
  4873 | D:5      | Killed a yak
  4890 | D:5      | Noticed a yak
  4909 | D:5      | Killed a yak
  4920 | D:5      | Killed a yak
  4921 | D:5      | Reached skill level 5 in Ice Magic
  4921 | D:5      | Reached XP level 8. HP: 47/62 MP: 1/12
  4924 | D:5      | Killed a yak
  5957 | D:6      | Reached XP level 9. HP: 69/69 MP: 6/13
  5973 | D:6      | Reached skill level 1 in Unarmed Combat
  6310 | D:6      | Found a staircase to the Ecumenical Temple.
  6319 | Temple   | Entered the Ecumenical Temple
  6332 | Temple   | Became a worshipper of Makhleb the Destroyer
  6492 | D:7      | Found Nahumiu's Assorted Antiques.
  6603 | D:7      | Bought a silvery potion for 22 gold pieces
  6603 | D:7      | Bought a fuming orange potion for 22 gold pieces
  6603 | D:7      | Bought an ivory ring for 125 gold pieces
  6603 | D:7      | Bought an orange potion for 22 gold pieces
  6696 | D:7      | Identified the +2 robe of Jotekiuc {+Inv rElec Will+ Dex-2}
  7625 | D:7      | Reached skill level 5 in Fighting
  8015 | D:4      | Noticed Eustachio
  8020 | D:4      | Killed Eustachio
  8021 | D:4      | Reached skill level 5 in Unarmed Combat
  8021 | D:4      | Reached XP level 10. HP: 83/83 MP: 6/14
  8026 | D:4      | Reached skill level 5 in Armour
  8367 | D:4      | Killed Grinder
  8586 | D:8      | Found a runed translucent door.
  9127 | D:8      | Noticed jasper's ghost (novice MiBe)
  9203 | D:8      | Reached * piety under Makhleb
  9223 | D:8      | Found a staircase to the Lair.
  9708 | D:8      | Found a sacrificial altar of Ru.
  9716 | D:8      | Noticed Grum
  9761 | D:8      | Killed Grum
 10755 | D:9      | Identified the +1 leather armour "Joime" {Harm rElec}
 10829 | D:9      | Noticed a two-headed ogre
 10862 | D:9      | Killed a two-headed ogre
 10863 | D:9      | Reached XP level 11. HP: 92/92 MP: 2/15
 11783 | D:9      | Reached skill level 1 in Polearms
 11991 | D:7      | Bought a spiked ring mail for 225 gold pieces
 11991 | D:7      | Identified the +3 ring mail of Zydahy {Regen+ Int-4 Dex+8}
                  | (You bought it in a shop on level 7 of the Dungeon)
 12085 | Lair:1   | Entered Level 1 of the Lair of Beasts
 12296 | Lair:1   | Reached ** piety under Makhleb
 12508 | Lair:1   | Reached skill level 1 in Invocations
 12805 | Lair:1   | Reached skill level 10 in Unarmed Combat
 13212 | Lair:1   | Reached XP level 12. HP: 54/103 MP: 8/16
 14247 | Lair:2   | Noticed a skyshark
 14258 | Lair:2   | Killed a skyshark
 14372 | Lair:2   | Reached *** piety under Makhleb
 14390 | Lair:2   | Reached skill level 1 in Evocations
 14484 | Lair:2   | Noticed Amaemon
 14497 | Lair:2   | Killed Amaemon
 14615 | Lair:2   | Noticed a skyshark
 14632 | Lair:2   | Killed a skyshark
 14993 | Lair:2   | Noticed a catoblepas
 15009 | Lair:2   | Killed a catoblepas
 15416 | Lair:3   | Found a hole to the Spider Nest.
 15534 | Lair:3   | Reached skill level 5 in Invocations
 15751 | Lair:3   | Reached XP level 13. HP: 113/113 MP: 13/17
 16044 | Lair:3   | Reached skill level 10 in Fighting
 16075 | Lair:3   | Found a staircase to the Shoals.
 16467 | Lair:4   | Found a staircase to the Slime Pits.
 16580 | Lair:4   | Reached skill level 1 in Shields
 16594 | Lair:4   | Reached skill level 10 in Armour
 17287 | Lair:4   | Reached **** piety under Makhleb
 17498 | Lair:5   | Entered Level 5 of the Lair of Beasts
 17721 | Lair:5   | Noticed Sonja
 17727 | Lair:5   | Killed Sonja
 19280 | Lair:5   | Reached skill level 5 in Shields
 19538 | Lair:5   | Reached XP level 14. HP: 92/121 MP: 2/18
 20737 | D:8      | Killed jasper's ghost
 20897 | D:10     | Entered Level 10 of the Dungeon
 21081 | D:10     | Found a hazy altar of Hepliaklqana.
 21331 | D:10     | Found a staircase to the Orcish Mines.
 22633 | D:11     | Found a transporter.
 22636 | D:11     | Noticed Strat's ghost (journeyman DEAE)
 22648 | D:11     | Found a transporter.
 23124 | D:12     | Identified the +1 ring mail of Perpetual Drought {rC+
                  | Slay+3 Stlth-}
 23956 | D:13     | Found a gate to the Vaults.
 24038 | D:13     | Reached skill level 15 in Unarmed Combat
 24298 | D:13     | Identified a scroll of acquirement
 24299 | D:13     | Acquired a manual of Fighting
 24602 | D:14     | Reached XP level 15. HP: 100/130 MP: 20/20
 24808 | D:14     | Found a sparkling altar of Nemelex Xobeh.
 24999 | D:14     | Noticed Agnes
 25125 | Orc:1    | Entered Level 1 of the Orcish Mines
 25379 | Orc:1    | Found a dark tunnel.
 25404 | Volcano  | Entered a volcano
 25448 | Volcano  | Reached ***** piety under Makhleb
 26122 | Orc:2    | Entered Level 2 of the Orcish Mines
 26321 | Orc:2    | Found a staircase to the Elven Halls.
 27294 | Orc:2    | Found Rihona Wacza's Distillery.
 27294 | Orc:2    | Found Syimmi's Magic Scroll Emporium.
 27294 | Orc:2    | Found Zimoof's Antique Armour Emporium.
 27297 | Orc:2    | Found Janip's Book Shoppe.
 27357 | Orc:2    | Bought a scroll of identify for 28 gold pieces
 27357 | Orc:2    | Bought a scroll of identify for 28 gold pieces
 27358 | Orc:2    | Bought 2 potions of might for 120 gold pieces
 27358 | Orc:2    | Bought a potion of haste for 150 gold pieces
 27358 | Orc:2    | Bought a potion of curing for 45 gold pieces
 28158 | D:13     | Noticed a tengu reaver
 28181 | D:13     | Killed a tengu reaver
 28538 | Shoals:1 | Entered Level 1 of the Shoals
 28564 | Shoals:1 | Reached XP level 16. HP: 117/144 MP: 23/23
 28644 | Lair:3   | Reached skill level 10 in Shields
 29237 | Shoals:1 | Found Xuggo's Firing Range.
 29456 | Shoals:1 | Reached skill level 10 in Invocations
 30891 | Shoals:2 | Noticed a kraken
 31474 | Shoals:3 | Noticed a kraken
 31882 | Shoals:3 | Found Iselodos's Distillery.
 31891 | Shoals:3 | Bought a potion of haste for 190 gold pieces
 31891 | Shoals:3 | Bought a potion of curing for 57 gold pieces
 31891 | Shoals:3 | Bought a potion of curing for 57 gold pieces
 31891 | Shoals:3 | Bought a potion of might for 76 gold pieces
 31891 | Shoals:3 | Bought a potion of heal wounds for 95 gold pieces
 31891 | Shoals:3 | Bought a potion of curing for 57 gold pieces
 32937 | Shoals:4 | Entered Level 4 of the Shoals
 32963 | Shoals:4 | Noticed Donald
 33406 | Shoals:4 | Reached skill level 15 in Fighting
 33424 | Shoals:3 | Reached XP level 17. HP: 121/156 MP: 25/25
 33493 | Shoals:4 | Identified the +1 buckler of the Evening Star {rN+}
 33694 | Spider:1 | Entered Level 1 of the Spider Nest
 33811 | Spider:1 | Noticed Mlioglotl
 33811 | Spider:1 | Noticed Rupert
 33832 | Spider:1 | Killed Mlioglotl
 33850 | Spider:1 | Killed Rupert
 35196 | Spider:2 | Reached skill level 1 in Throwing
 36265 | Spider:2 | Noticed Asterion
 36275 | Spider:2 | Killed Asterion
 37117 | Spider:3 | Reached ****** piety under Makhleb
 37928 | Spider:4 | Entered Level 4 of the Spider Nest
 38062 | Spider:4 | Reached XP level 18. HP: 166/166 MP: 28/28
 38300 | Spider:4 | Identified the serpent talisman of Casill {rElec rC++}
 38300 | Spider:4 | Noticed Aizul
 38316 | Spider:4 | Killed Aizul
 38571 | Spider:4 | Found a large runed translucent door.
 38571 | Spider:4 | Found a large runed translucent door.
 38573 | Spider:4 | Noticed Arachne
 38592 | Spider:4 | Killed Arachne
 38613 | Spider:4 | Noticed freelancePsychic's ghost (adept DsMo)
 38622 | Spider:4 | Identified the +5 dagger of Ascent {heavy, Int+3}
 41531 | D:14     | Noticed Frances
 41553 | D:14     | Killed Frances
 41598 | D:14     | Noticed Roxanne
 41766 | D:14     | Killed Agnes
 42353 | Shoals:4 | Reached skill level 5 in Throwing
 42373 | Shoals:4 | Identified the +8 war axe "Oshrozuz" {heavy, rElec rPois
                  | Str+3}
 42622 | Shoals:4 | Reached skill level 15 in Invocations
 42716 | Shoals:4 | Killed Donald
 42766 | Shoals:4 | Identified the +5 sling of Weasi {drain, Int+3}
 42776 | Shoals:4 | Reached XP level 19. HP: 145/177 MP: 30/30
 44606 | D:15     | Entered Level 15 of the Dungeon
 44793 | D:15     | Noticed Nessos
 44805 | D:15     | Killed Nessos
 45475 | D:15     | Found a staircase to the Depths.
 45844 | Elf:1    | Entered Level 1 of the Elven Halls
 45943 | Elf:1    | Paralysed by an air elemental for 1 turns
 46108 | Elf:1    | Found a glacial archway.
 46125 | IceCv    | Entered an ice cave
 47021 | IceCv    | Reached skill level 15 in Shields
 47215 | IceCv    | Found a viscous altar of Jiyva.
 47652 | Elf:1    | Identified the +1 ring mail of Riuzoedu {Str+3}
 48105 | Elf:1    | Paralysed by an air elemental for 1 turns
 48281 | Elf:1    | Found Hyriceo's Jewellery Boutique.
 48283 | Elf:1    | Bought a ring of resist corrosion for 240 gold pieces
 48283 | Elf:1    | Bought a +4 ring of slaying for 936 gold pieces
 48604 | Elf:2    | Paralysed by an air elemental for 1 turns
 48631 | Elf:2    | Paralysed by an air elemental for 1 turns
 48689 | Elf:2    | Paralysed by an air elemental for 1 turns
 48730 | Elf:2    | Paralysed by an air elemental for 1 turns
 48906 | Elf:2    | Reached XP level 20. HP: 181/187 MP: 32/32
 48931 | Elf:2    | Found a runed translucent gate.
 48932 | Elf:2    | Found a runed translucent gate.
 48932 | Elf:2    | Found a runed translucent gate.
 49030 | Elf:2    | Paralysed by an air elemental for 1 turns
 49035 | Elf:2    | Paralysed by an air elemental for 1 turns
 49067 | Elf:2    | Found a gateway to a bazaar.
 49100 | Elf:2    | Acquired 742 gold pieces
 49104 | Bazaar   | Entered a bazaar
 49104 | Bazaar   | Found Ceerush's Jewellery Shoppe.
 49104 | Bazaar   | Found Nakk's General Store.
 49104 | Bazaar   | Found Rall's Jewellery Emporium.
 49104 | Bazaar   | Found Hudaz's Distillery.
 49120 | Bazaar   | Bought the amulet "Voec" {Reflect rC++ SH+5} for 926 gold
                  | pieces
 49138 | Bazaar   | Bought a potion of invisibility for 88 gold pieces
 49138 | Bazaar   | Bought a potion of resistance for 110 gold pieces
 49138 | Bazaar   | Bought a potion of curing for 33 gold pieces
 49138 | Bazaar   | Bought a potion of heal wounds for 55 gold pieces
 49138 | Bazaar   | Bought a potion of curing for 33 gold pieces
 49138 | Bazaar   | Bought a potion of resistance for 110 gold pieces
 49138 | Bazaar   | Bought a potion of attraction for 33 gold pieces
 49140 | Bazaar   | Bought a scroll of revelation for 150 gold pieces
 49140 | Bazaar   | Bought a wand of charming (3) for 144 gold pieces
 49330 | Elf:2    | Reached skill level 15 in Armour
 50869 | Elf:3    | Entered Level 3 of the Elven Halls
 50869 | Elf:3    | Found Qaoph's Magic Scroll Shop.
 50884 | Elf:3    | Found Anues's Distillery.
 51035 | Elf:3    | Found Tohemier's General Store.
 51071 | Elf:3    | Bought a potion of might for 64 gold pieces
 51206 | Elf:3    | Bought a potion of might for 64 gold pieces
 51226 | Elf:3    | Found Feustrom's Jewellery Shop.
 52033 | Elf:3    | Noticed a Brimstone Fiend
 52434 | Elf:3    | Paralysed by an air elemental for 1 turns
 52438 | Elf:3    | Paralysed by an air elemental for 1 turns
 52845 | Elf:3    | Got the Omnibus of Amassed Execration
 52861 | Elf:3    | Got the Secrets of Transmuted Apparitions
 52910 | Elf:3    | Identified the +2 pair of gloves "Kotaocunint" {rElec rC+}
 52927 | Elf:3    | Identified the +9 short sword "Wutot" {heavy, rPois rCorr
                  | MP+9 Dex+3}
 52959 | Elf:3    | Identified the staff of the Spectre {rElec rPois Int+2
                  | Alchemy}
 53156 | D:11     | Killed Strat's ghost
 53294 | Depths:1 | Entered Level 1 of the Depths
 53875 | Depths:1 | Found Puqy's General Store.
 53885 | Depths:1 | Bought a potion of attraction for 57 gold pieces
 53885 | Depths:1 | Bought a scroll of teleportation for 57 gold pieces
 53885 | Depths:1 | Bought a scroll of fog for 76 gold pieces
 53885 | Depths:1 | Bought a scroll of teleportation for 57 gold pieces
 53885 | Depths:1 | Bought a scroll of fear for 76 gold pieces
 53918 | Depths:1 | Reached XP level 21. HP: 193/194 MP: 33/33
 53922 | Depths:1 | Found a gateway to Hell.
 54233 | Depths:1 | Identified the +9 falchion "Osseeboss" {flame, rElec}
 54333 | Depths:1 | Found a one-way gateway to a ziggurat.
 54461 | Depths:1 | Found Vudomp's Self-Improvement Boutique.
 54884 | Depths:2 | Found a magical portal.
 54892 | WizLab   | Entered Lehudib's Moon Base
 54985 | WizLab   | Found a transporter.
 55374 | WizLab   | Acquired a manual of Shields
 55663 | WizLab   | Identified the ring "Yrasiat" {rC++ Will+ MP+9 Slay+5
                  | Stlth-}
 55906 | WizLab   | Found a transporter.
 56521 | WizLab   | Identified the +9 great mace "Soebif Ding" {venom, rPois
                  | rN+}
 56530 | WizLab   | Identified the ring of Understanding {*Slow Str+3 Dex+6
                  | SInv}
 56875 | Temple   | Fell from the grace of Makhleb
 56875 | Temple   | Became a worshipper of Uskayaw the Reveller
 57206 | Depths:2 | Reached * piety under Uskayaw
 57215 | Depths:2 | Reached ** piety under Uskayaw
 57217 | Depths:2 | Reached *** piety under Uskayaw
 57220 | Depths:2 | Reached **** piety under Uskayaw
 57222 | Depths:2 | Reached ***** piety under Uskayaw
 57240 | Depths:2 | Found an iron altar of Okawaru.
 58054 | Abyss:2  | Cast into level 2 of the Abyss (a deep elf sorcerer)
 58244 | Abyss:2  | Reached XP level 22. HP: 166/204 MP: 34/34
 58625 | Depths:2 | Escaped the Abyss
 58829 | Depths:2 | Noticed an ancient lich
 58859 | Depths:2 | Killed an ancient lich
 58898 | Depths:2 | Reached ****** piety under Uskayaw
 59079 | Depths:2 | Identified the amulet "Goneisu" {RegenMP Str+3}
 59085 | Depths:2 | Found a one-way gate leading to the halls of Pandemonium.
 59363 | Depths:2 | Noticed a golden dragon
 59375 | Depths:2 | Killed a golden dragon
 59916 | Depths:3 | Found Gerovaki's Jewellery Shop.
 59918 | Depths:3 | Found Nuunkeci's Jewellery Shop.
 59929 | Depths:3 | Found Sarghu's Book Shoppe.
 60583 | Depths:2 | Noticed a juggernaut
 60609 | Depths:2 | Killed a juggernaut
 60748 | Depths:3 | Found Offikk's Gadget Gallery.
 61295 | Depths:3 | Found a one-way gate to the infinite horrors of the Abyss.
 61577 | Depths:3 | Noticed a caustic shrike
 61582 | Depths:3 | Noticed a caustic shrike
 61583 | Depths:3 | Noticed a caustic shrike
 61586 | Depths:3 | Killed a caustic shrike
 61586 | Depths:3 | Noticed a caustic shrike
 61602 | Depths:3 | Killed a caustic shrike
 61603 | Depths:3 | Noticed a caustic shrike
 61608 | Depths:3 | Killed a caustic shrike
 61613 | Depths:3 | Killed a caustic shrike
 61628 | Depths:3 | Killed a caustic shrike
 61633 | Depths:3 | Reached XP level 23. HP: 129/213 MP: 35/35
 62159 | Depths:4 | Entered Level 4 of the Depths
 62280 | Depths:4 | Noticed a caustic shrike
 62283 | Depths:4 | Noticed a caustic shrike
 62284 | Depths:4 | Killed a caustic shrike
 62306 | Depths:4 | Noticed a caustic shrike
 62310 | Depths:4 | Killed a caustic shrike
 62315 | Depths:4 | Killed a caustic shrike
 62647 | Depths:4 | Found a stormy altar of Qazlal.
 63431 | Depths:4 | Noticed a golden dragon
 63447 | Depths:4 | Killed a golden dragon
 64349 | Depths:4 | Noticed a golden dragon
 64349 | Depths:4 | Noticed a golden dragon
 64359 | Depths:4 | Killed a golden dragon
 64374 | Depths:4 | Killed a golden dragon
 64621 | Depths:4 | Reached XP level 24. HP: 224/224 MP: 36/36
 64843 | Depths:4 | Found a gate to the Realm of Zot.
 65321 | Slime:1  | Entered Level 1 of the Pits of Slime
 66301 | Slime:3  | Was forgiven by Makhleb
 67222 | Slime:5  | Entered Level 5 of the Pits of Slime
 67502 | Slime:5  | Noticed the Royal Jelly
 67891 | Slime:5  | Found a viscous altar of Jiyva.
 68111 | Slime:5  | Killed the Royal Jelly
 68931 | Slime:5  | Identified the +2 helmet "Ojai" {+Blink rElec rF- Int-2}
 68932 | Slime:5  | Identified the +0 robe of Weightlessness {Str+2}
 68990 | Slime:5  | Acquired 361 gold pieces
 69096 | Slime:5  | Acquired 984 gold pieces
 69112 | Slime:5  | Identified the +5 spear "Igacase" {flame, rPois rC+ Int+2
                  | Dex-4}
 69510 | Depths:1 | Bought a manual of Invocations for 1440 gold pieces
 69510 | Depths:1 | Bought a manual of Armour for 1440 gold pieces
 69603 | Depths:3 | Voluntarily entered the Abyss.
 69674 | Abyss:2  | Noticed an ancient lich
 69687 | Abyss:2  | Killed an ancient lich
 70189 | Abyss:2  | Reached XP level 25. HP: 233/233 MP: 37/37
 70255 | Abyss:2  | Found a corrupted altar of Lugonu.
 70334 | Abyss:2  | Paralysed by accursed screaming for 1 turns
 70461 | Depths:3 | Escaped the Abyss
 70616 | Depths:3 | Voluntarily entered the Abyss.
 70931 | Abyss:3  | Found a corrupted altar of Lugonu.
 71373 | Abyss:3  | Found a corrupted altar of Lugonu.
 71388 | Abyss:3  | Noticed an ancient lich
 71401 | Abyss:3  | Killed an ancient lich
 71401 | Abyss:3  | Found a corrupted altar of Lugonu.
 71408 | Abyss:3  | Found a corrupted altar of Lugonu.
 71439 | Abyss:3  | Found a corrupted altar of Lugonu.
 71464 | Abyss:3  | Found a corrupted altar of Lugonu.
 71484 | Abyss:3  | Found a corrupted altar of Lugonu.
 71484 | Abyss:3  | Found a corrupted altar of Lugonu.
 71604 | Abyss:3  | Found a corrupted altar of Lugonu.
 71617 | Abyss:3  | Found a corrupted altar of Lugonu.
 71710 | Abyss:3  | Found a corrupted altar of Lugonu.
 71765 | Abyss:3  | Found a corrupted altar of Lugonu.
 71891 | Abyss:3  | Found a burning altar of Makhleb.
 72469 | Abyss:4  | Found a corrupted altar of Lugonu.
 72643 | Depths:3 | Escaped the Abyss
 72808 | Vaults:1 | Entered Level 1 of the Vaults
 72910 | Vaults:1 | Reached XP level 26. HP: 244/244 MP: 38/38
 73005 | Vaults:1 | Found a crumbling gateway.
 73018 | Desolati | Entered the Desolation of Salt
 73258 | Desolati | Identified the ring "Ugheh" {^Contam Dex+6 Slay+6}
 73289 | Desolati | Identified the ring of Kobaurhe {rPois Will+ Slay+3 SInv}
 73307 | Desolati | Identified the +0 cloak of the World {rElec rC+ Int+2}
 73400 | Desolati | Identified the +3 orcbow "Yskautakh" {freeze, ^Contam rPois
                  | Str+2 Dex+3}
 73401 | Desolati | Identified the amulet "Yvuta" {Reflect rN+ Dex+2 SH+5}
 73415 | Desolati | Identified the amulet "Qybuv" {Acrobat Will++ Str-5}
 73463 | Desolati | Got Poreim's Handbook of Generation and the Elixir
 73464 | Desolati | Identified the +11 broad axe of Amortisation {freeze, rCorr
                  | Str+3 Int+4 Dex-3}
 73486 | Desolati | Got Vumir's Parchment of Blasts
 74077 | Vaults:1 | Identified the +4 lajatang "Jellybane" {speed, rC++}
 74419 | Vaults:1 | Found Hurghiaku's Weapon Shop.
 75279 | Vaults:2 | Noticed Nikola
 75291 | Vaults:2 | Killed Nikola
 75367 | Vaults:2 | Identified the ring "Gusyid" {rC+ EV+5 Str+3 Int+5 Slay-5}
 75396 | Vaults:2 | Found Maki's Armour Boutique.
 75662 | Vaults:2 | Noticed Margery
 75675 | Vaults:2 | Killed Margery
 76220 | Vaults:3 | Found Xufryoni's Armour Shop.
 76262 | Vaults:3 | Noticed Norris
 76280 | Vaults:3 | Killed Norris
 76314 | Vaults:3 | Reached XP level 27. HP: 254/254 MP: 39/39
 76431 | Vaults:3 | Found a staircase to the Crypt.
 76706 | Vaults:3 | Noticed Zenata
 76717 | Vaults:3 | Killed Zenata
 76828 | Vaults:3 | Found a portal to a secret trove of treasure.
 76927 | Vaults:3 | Identified the +6 quarterstaff of Flawed Execution {flame,
                  | Will+ Int+3 Dex+2}
 77381 | Vaults:4 | Found the +2 shield of Resistance {rF++ rC++ Will++}
 77774 | Vaults:4 | Noticed Bai Suzhen
 77783 | Vaults:4 | Killed Bai Suzhen
 78144 | Vaults:4 | Found a runed translucent door.
 78467 | Crypt:1  | Entered Level 1 of the Crypt
 78699 | Crypt:1  | Reached skill level 10 in Throwing
 78768 | Crypt:1  | Noticed a royal mummy
 78776 | Crypt:1  | Killed a royal mummy
 78804 | Crypt:1  | Noticed a royal mummy
 78804 | Crypt:1  | Identified the amulet "Eprioj" {Regen+ Dex+3}
 78815 | Crypt:1  | Killed a royal mummy
 78820 | Crypt:1  | Got the Handbook of the Niveous Missiles
 80007 | Crypt:2  | Identified the +1 scale mail of Faeq {Harm Will- Int+7}
 80204 | Crypt:2  | Identified the +0 pair of gloves of the Black Moon {rElec}
 80307 | Crypt:3  | Entered Level 3 of the Crypt
 80307 | Crypt:3  | Found a staircase to the Tomb.
 80535 | Crypt:3  | Noticed an ancient lich
 80547 | Crypt:3  | Killed an ancient lich
 81254 | Crypt:3  | Found a basalt altar of Yredelemnul.
 81295 | Crypt:3  | Identified the staff "Seyrch" {rN+ Str-2 Int+5 Dex+2 Necro
                  | Tloc}
 81366 | Crypt:3  | Noticed a dread lich
 81389 | Crypt:3  | Killed a dread lich
 81424 | Crypt:3  | Identified the ring of Laid {rN+ Str+3 Int+5}
 81424 | Crypt:3  | Identified the ring of Irupior {rC+ rN+ Dex+2}
 82021 | Vaults:5 | Entered Level 5 of the Vaults
 82364 | Vaults:5 | Noticed a dread lich
 82375 | Vaults:5 | Killed a dread lich
 82462 | Vaults:5 | Identified the +6 orcbow of Cakyuxt {speed, rElec Str+4
                  | Int+2 Dex+4}
 82558 | Vaults:5 | Found the +8 trishula "Condemnation" {holy, anguish, *Noise
                  | Fly rN+}
 82577 | Vaults:5 | Identified the ring "Raunlo" {rF+++ Will++ MP-9 AC+4 Int-5}
 82768 | Vaults:5 | Noticed a dread lich
 82787 | Vaults:5 | Killed a dread lich
 82824 | Vaults:5 | Identified the +5 shortbow of Scorn {flame, SInv}
 82830 | Vaults:5 | Identified the +1 mace "Wifox" {drain, rF++ Str-2 Dex+6}
 82839 | Vaults:5 | Identified the amulet "Izuemysk" {Reflect Dex+3 SH+5}
 83119 | Vaults:5 | Identified the +5 ring mail of the Planets {^Contam Int+6}
 83567 | Vaults:5 | Noticed an ancient lich
 83593 | Vaults:5 | Killed an ancient lich
 83615 | Vaults:5 | Identified the +6 scale mail "Godoawuo" {Str+2 Stlth+}
 84028 | Vaults:3 | You paid a toll of 18 potions of curing to enter a treasure
                  | trove
 84029 | Trove    | Entered a treasure trove
 84029 | Trove    | Found the +8 lance "Wyrmbane" {slay drac, rPois rF+ rC+
                  | AC+3}
 84039 | Trove    | Identified the +2 broad axe "Tiwnim" {flame, rPois rF+
                  | Will+}
 84050 | Trove    | Identified the amulet of Useetoh {Faith ^Fragile +Blink
                  | rF+}
 84056 | Trove    | Found the +3 crown of Dyrovepreva {rElec Int+2 SInv}
 84309 | Tomb:1   | Entered Level 1 of the Tomb of the Ancients
 84740 | Tomb:1   | Noticed a royal mummy
 84751 | Tomb:1   | Killed a royal mummy
 84895 | Tomb:1   | Noticed a royal mummy
 84910 | Tomb:1   | Killed a royal mummy
 84911 | Tomb:1   | Reached skill level 5 in Dodging
 85248 | Tomb:1   | Identified the +1 triple crossbow of Nolo Contendere
                  | {penet, rPois rF- rCorr MP+9}
 85310 | Tomb:2   | Noticed a royal mummy
 85314 | Tomb:2   | Noticed a royal mummy
 85314 | Tomb:2   | Noticed a royal mummy
 85314 | Tomb:2   | Noticed a royal mummy
 85325 | Tomb:2   | Killed a royal mummy
 85369 | Tomb:2   | Killed a royal mummy
 85411 | Tomb:2   | Killed a royal mummy
 85414 | Tomb:2   | Reached skill level 5 in Evocations
 85486 | Tomb:2   | Killed a royal mummy
 86124 | Tomb:1   | Noticed a royal mummy
 86125 | Tomb:1   | Noticed a royal mummy
 86132 | Tomb:1   | Noticed a royal mummy
 86132 | Tomb:1   | Noticed a royal mummy
 86132 | Tomb:1   | Noticed a royal mummy
 86134 | Tomb:1   | Killed a royal mummy
 86138 | Tomb:1   | Killed a royal mummy
 86139 | Tomb:1   | Killed a royal mummy
 86144 | Tomb:1   | Killed a royal mummy
 86151 | Tomb:1   | Killed a royal mummy
 86234 | Tomb:1   | Noticed a royal mummy
 86246 | Tomb:1   | Killed a royal mummy
 86322 | Tomb:1   | Noticed a royal mummy
 86323 | Tomb:1   | Noticed a royal mummy
 86332 | Tomb:1   | Killed a royal mummy
 86333 | Tomb:1   | Noticed a royal mummy
 86335 | Tomb:1   | Killed a royal mummy
 86335 | Tomb:1   | Noticed a royal mummy
 86349 | Tomb:1   | Killed a royal mummy
 86360 | Tomb:1   | Killed a royal mummy
 86518 | Tomb:1   | Noticed a royal mummy
 86518 | Tomb:1   | Noticed a royal mummy
 86533 | Tomb:1   | Noticed a royal mummy
 86533 | Tomb:1   | Killed a royal mummy
 86542 | Tomb:1   | Killed a royal mummy
 86544 | Tomb:1   | Noticed a royal mummy
 86546 | Tomb:1   | Noticed a royal mummy
 86554 | Tomb:1   | Killed a royal mummy
 86554 | Tomb:1   | Noticed a royal mummy
 86561 | Tomb:1   | Killed a royal mummy
 86562 | Tomb:1   | Killed a royal mummy
 86571 | Tomb:1   | Killed a royal mummy
 86698 | Tomb:1   | Noticed a royal mummy
 86706 | Tomb:1   | Killed a royal mummy
 86770 | Tomb:1   | Noticed a royal mummy
 86781 | Tomb:1   | Killed a royal mummy
 86837 | Tomb:1   | Noticed a royal mummy
 86850 | Tomb:1   | Killed a royal mummy
 86942 | Tomb:1   | Noticed a royal mummy
 86944 | Tomb:1   | Noticed a royal mummy
 86948 | Tomb:1   | Noticed a royal mummy
 86950 | Tomb:1   | Killed a royal mummy
 86950 | Tomb:1   | Noticed a royal mummy
 86960 | Tomb:1   | Killed a royal mummy
 86965 | Tomb:1   | Killed a royal mummy
 86966 | Tomb:1   | Killed a royal mummy
 86999 | Tomb:1   | Noticed a royal mummy
 87011 | Tomb:1   | Killed a royal mummy
 87165 | Tomb:1   | Noticed a royal mummy
 87177 | Tomb:1   | Killed a royal mummy
 87207 | Tomb:1   | Noticed a royal mummy
 87207 | Tomb:1   | Noticed a royal mummy
 87208 | Tomb:1   | Noticed a royal mummy
 87215 | Tomb:1   | Killed a royal mummy
 87219 | Tomb:1   | Noticed a royal mummy
 87220 | Tomb:1   | Noticed a royal mummy
 87221 | Tomb:1   | Noticed a royal mummy
 87223 | Tomb:1   | Killed a royal mummy
 87225 | Tomb:1   | Killed a royal mummy
 87236 | Tomb:1   | Killed a royal mummy
 87239 | Tomb:1   | Killed a royal mummy
 87260 | Tomb:1   | Killed a royal mummy
 87879 | Tomb:3   | Entered Level 3 of the Tomb of the Ancients
 87901 | Tomb:3   | Noticed a royal mummy
 87901 | Tomb:3   | Noticed a royal mummy
 87907 | Tomb:3   | Noticed a royal mummy
 87910 | Tomb:3   | Noticed Boris
 87920 | Tomb:3   | Noticed a royal mummy
 87920 | Tomb:3   | Noticed a royal mummy
 87937 | Tomb:3   | Reached skill level 27 in Invocations
 87938 | Tomb:3   | Noticed a royal mummy
 87943 | Tomb:3   | Noticed Khufu
 87944 | Tomb:3   | Noticed a royal mummy
 87954 | Tomb:3   | Killed a royal mummy
 87956 | Tomb:3   | Killed Boris
 87967 | Tomb:3   | Killed a royal mummy
 87974 | Tomb:3   | Killed a royal mummy
 87974 | Tomb:3   | Killed a royal mummy
 87974 | Tomb:3   | Killed Khufu
 87977 | Tomb:3   | Killed a royal mummy
 87980 | Tomb:3   | Killed a royal mummy
 87983 | Tomb:3   | Killed a royal mummy
 87998 | Tomb:3   | Reached skill level 27 in Unarmed Combat
 88136 | Tomb:3   | Noticed a royal mummy
 88149 | Tomb:3   | Killed a royal mummy
 88434 | Tomb:3   | Identified the +4 rapier "Kiykism" {freeze, rCorr}
 88538 | Tomb:3   | Found the +6 lightning scales {swift, rElec}
 88544 | Tomb:3   | Found the +7 Spriggan's Knife {stab, EV+4 Stlth+}
 88545 | Tomb:3   | Found the +8 frozen axe "Frostbite" {freeze, freezing
                  | cloud, *Noise Fly rC+}
 88556 | Tomb:3   | Identified the staff "Daloseass" {Will+ Conj}
 88560 | Tomb:3   | Got the Papyrus of Blazing Space
 88561 | Tomb:3   | Identified the +12 battleaxe of Charity {freeze, *Rage
                  | rPois rCorr SInv}
 88580 | Tomb:3   | Identified the ring "Quitsacw" {Fly rF+ rC+ Will+ Stlth+}
 88608 | Tomb:3   | Got the Tractate on Alluring Minerals
 88610 | Tomb:3   | Got the Excursus on Wicked Ceremonies and the Gargoyle
 88827 | Tomb:3   | Got a golden rune of Zot
 89263 | Vaults:5 | Got a silver rune of Zot
 89619 | Slime:5  | Got a slimy rune of Zot
 89811 | Shoals:4 | Got a barnacled rune of Zot
 90038 | Spider:4 | Killed freelancePsychic's ghost
 90126 | Spider:4 | Got a gossamer rune of Zot
 90335 | Shoals:1 | Bought 5 silver javelins for 720 gold pieces
 90503 | Orc:2    | Bought 2 potions of attraction for 90 gold pieces
 90503 | Orc:2    | Bought a potion of cancellation for 120 gold pieces
 90503 | Orc:2    | Bought a potion of cancellation for 120 gold pieces
 90503 | Orc:2    | Bought a potion of attraction for 45 gold pieces
 90503 | Orc:2    | Bought a potion of attraction for 45 gold pieces
 90583 | Elf:3    | Bought a potion of attraction for 57 gold pieces
 90583 | Elf:3    | Bought a potion of enlightenment for 95 gold pieces
 90583 | Elf:3    | Bought a scroll of revelation for 142 gold pieces
 90583 | Elf:3    | Bought a wand of roots (4) for 182 gold pieces
 90796 | Depths:1 | Bought a wand of digging (7) for 558 gold pieces
 90969 | Zot:1    | Entered Level 1 of the Realm of Zot
 91798 | Zot:1    | Identified the +1 leather armour of Xahuf {Str+4}
 93142 | Zot:3    | Found a shimmering altar of Xom.
 93143 | Zot:3    | Found a shimmering altar of Xom.
 93144 | Zot:3    | Found a shimmering altar of Xom.
 93164 | Zot:3    | Found a shimmering altar of Xom.
 93164 | Zot:3    | Found a shimmering altar of Xom.
 93546 | Zot:3    | Reached skill level 15 in Throwing
 94322 | Zot:4    | Reached skill level 10 in Evocations
 94395 | Zot:4    | Identified the +0 rapier "Jellyslayer" {heavy, rElec rC+
                  | Dex+2}
 94863 | Depths:3 | Voluntarily entered the Abyss.
 94948 | Abyss:4  | Found a corrupted altar of Lugonu.
 94967 | Abyss:4  | Got an abyssal rune of Zot
 95110 | Depths:3 | Escaped the Abyss
 95115 | Pan      | Entered Pandemonium
 95696 | Pan      | Identified the +1 spear of Prudence {freeze, Int+2 Dex+2}
 95739 | Pan      | Identified the +0 pair of gloves of Vissimiu {rCorr MP-9
                  | Dex-5 SInv}
 96037 | Pan      | Found an exit through the horrors of the Abyss.
 96211 | Pan      | Acquired 786 gold pieces
 96260 | Pan      | Entered the realm of Cerebov.
 96304 | Pan      | Got the Compilation of Firn
 96651 | Pan      | Identified the +4 short sword of Huass {spect, Int+8}
 96804 | Pan      | Found the +6 sword of Cerebov {flame}
 96804 | Pan      | Noticed Cerebov
 96833 | Pan      | Killed Cerebov
 96933 | Pan      | Identified the +2 flail "Nucleu Ashra" {spect, Stlth+}
 97026 | Pan      | Got a fiery rune of Zot
 97350 | Pan      | Entered the realm of Lom Lobon.
 97504 | Pan      | Found an exit through the horrors of the Abyss.
 98251 | Pan      | Noticed Lom Lobon
 98266 | Pan      | Killed Lom Lobon
 98286 | Pan      | Got a magical rune of Zot
 98481 | Pan      | Entered the realm of Mnoleg.
 98757 | Pan      | Noticed Mnoleg
 98769 | Pan      | Killed Mnoleg
 98831 | Pan      | Got a glowing rune of Zot
 99041 | Pan      | Reached skill level 27 in Shields
 99055 | Pan      | Reached skill level 27 in Fighting
 99072 | Pan      | Noticed Syhoeqis the pandemonium lord
 99073 | Pan      | Killed Syhoeqis the pandemonium lord
 99122 | Pan      | Found an exit through the horrors of the Abyss.
 99396 | Pan      | Entered the realm of Gloorx Vloq.
 99660 | Pan      | Noticed Gloorx Vloq
 99672 | Pan      | Killed Gloorx Vloq
 99781 | Pan      | Got a dark rune of Zot
100015 | Pan      | Reached skill level 27 in Armour
100508 | Pan      | Found a transporter.
100944 | Pan      | Noticed Raimah the pandemonium lord
100960 | Pan      | Killed Raimah the pandemonium lord
101162 | Pan      | Noticed Mennas
101515 | Pan      | Got a demonic rune of Zot
101746 | Pan      | Identified the +2 scale mail of Recklessness {rF- rN+++
                  | Regen+ Stlth+}
101840 | Pan      | Noticed Caizo the pandemonium lord
101855 | Pan      | Killed Caizo the pandemonium lord
102072 | Pan      | Found an exit through the horrors of the Abyss.
102081 | Pan      | Took an exit into the Abyss.
102081 | Abyss:4  | Escaped into the Abyss
102082 | Abyss:4  | Noticed a dread lich
102086 | Depths:3 | Escaped the Abyss
102092 | Depths:3 | Killed a dread lich
102163 | Hell     | Entered the Vestibule of Hell
102163 | Hell     | Noticed Geryon
102182 | Hell     | Killed Geryon
102220 | Hell     | Reached skill level 10 in Dodging
102549 | Hell     | Found a gateway to the freezing wastes of Cocytus.
102624 | Hell     | Found a gateway to the decaying netherworld of Tartarus.
102785 | Hell     | Found a gateway to the ashen valley of Gehenna.
102966 | Hell     | Found a gateway to the Iron City of Dis.
103066 | Geh:1    | Entered Level 1 of Gehenna
103474 | Geh:3    | Reached skill level 15 in Evocations
104271 | Geh:5    | Noticed a dread lich
104271 | Geh:5    | Noticed an ancient lich
104271 | Geh:5    | Noticed a dread lich
104279 | Geh:5    | Noticed a dread lich
104283 | Geh:5    | Noticed an ancient lich
104286 | Geh:5    | Killed a dread lich
104287 | Geh:5    | Killed a dread lich
104290 | Geh:5    | Killed an ancient lich
104290 | Geh:5    | Noticed an ancient lich
104291 | Geh:5    | Killed an ancient lich
104291 | Geh:5    | Noticed a dread lich
104291 | Geh:5    | Noticed a dread lich
104307 | Geh:5    | Killed a dread lich
104308 | Geh:5    | Killed a dread lich
104309 | Geh:5    | Noticed an ancient lich
104309 | Geh:5    | Killed an ancient lich
104310 | Geh:5    | Killed a dread lich
104313 | Geh:5    | Killed an ancient lich
104541 | Geh:7    | Entered Level 7 of Gehenna
105048 | Geh:7    | Identified the amulet "Wantom" {Faith Int+3 SInv}
105379 | Geh:7    | Identified the +8 mace of the Magic Mushroom {freeze, rPois
                  | rC++ Str+3 SInv}
105607 | Geh:7    | Found the +13 sceptre of Asmodeus
105607 | Geh:7    | Noticed Asmodeus
105610 | Geh:7    | Killed Asmodeus
105629 | Geh:7    | Got an obsidian rune of Zot
105764 | Coc:1    | Entered Level 1 of Cocytus
105901 | Coc:2    | You are sucked into a shaft and drop 1 floor!
106044 | Coc:3    | Noticed an ancient lich
106052 | Coc:3    | Killed an ancient lich
106479 | Coc:4    | Paralysed by a wendigo for 1 turns
107060 | Coc:5    | Paralysed by a wendigo for 1 turns
107517 | Coc:6    | Paralysed by a wendigo for 1 turns
108246 | Coc:7    | Entered Level 7 of Cocytus
108325 | Coc:7    | Paralysed by a wendigo for 1 turns
108329 | Coc:7    | Paralysed by a wendigo for 1 turns
108785 | Coc:7    | Paralysed by a wendigo for 1 turns
109010 | Coc:7    | Noticed Antaeus
109693 | Coc:7    | Paralysed by a wendigo for 1 turns
109695 | Coc:7    | Paralysed by a wendigo for 1 turns
109949 | Coc:7    | Killed Antaeus
110110 | Coc:7    | Got an icy rune of Zot
110190 | Tar:1    | Entered Level 1 of Tartarus
110244 | Tar:2    | You fall into a shaft and drop 2 floors!
110384 | Tar:5    | Found a huge runed translucent gate.
110384 | Tar:5    | Found a huge runed translucent gate.
110384 | Tar:5    | Found a huge runed translucent gate.
110384 | Tar:5    | Found a huge runed translucent gate.
110385 | Tar:5    | Found a huge runed translucent gate.
110386 | Tar:5    | Found a huge runed translucent gate.
110386 | Tar:5    | Found a huge runed translucent gate.
110387 | Tar:5    | Found a huge runed translucent gate.
110387 | Tar:5    | Found a huge runed translucent gate.
110388 | Tar:5    | Found a huge runed translucent gate.
110388 | Tar:5    | Found a huge runed translucent gate.
110388 | Tar:5    | Found a huge runed translucent gate.
110388 | Tar:5    | Found a huge runed translucent gate.
110388 | Tar:5    | Found a huge runed translucent gate.
110388 | Tar:5    | Found a huge runed translucent gate.
110391 | Tar:5    | Found a huge runed translucent gate.
110392 | Tar:5    | Found a huge runed translucent gate.
110517 | Tar:7    | Entered Level 7 of Tartarus
111613 | Tar:7    | Identified the +4 orcbow of Julusieg {elec, Str+4}
112196 | Tar:7    | Identified the ring "Fiqeucuo" {rN+ Str+2}
112397 | Tar:7    | Noticed Ereshkigal
112398 | Tar:7    | Killed Ereshkigal
112676 | Tar:7    | Identified the +9 dagger of the Turnip {flame, rN++ Str-4}
112682 | Tar:7    | Got a bone rune of Zot
112991 | Dis:1    | Entered Level 1 of the Iron City of Dis
113812 | Dis:4    | You fall into a shaft and drop 2 floors!
114057 | Dis:7    | Entered Level 7 of the Iron City of Dis
114741 | Dis:7    | Noticed an ancient lich
114750 | Dis:7    | Killed an ancient lich
114925 | Dis:7    | Noticed a juggernaut
114931 | Dis:7    | Killed a juggernaut
114941 | Dis:7    | Identified the +0 plate armour "Onokhl Socucw" {Int+6}
114942 | Dis:7    | Identified the ring "Xetor" {rC+ AC+4 Int-3 Dex+3}
115033 | Dis:7    | Noticed the Serpent of Hell
115058 | Dis:7    | Killed the Serpent of Hell
115351 | Dis:7    | Noticed a juggernaut
115370 | Dis:7    | Killed a juggernaut
116303 | Dis:7    | Noticed a juggernaut
116316 | Dis:7    | Killed a juggernaut
116320 | Dis:7    | Noticed Dispater
116332 | Dis:7    | Killed Dispater
116391 | Dis:7    | Got an iron rune of Zot
116707 | Zot:5    | Entered Level 5 of the Realm of Zot
117117 | Zot:5    | Noticed a dread lich
117118 | Zot:5    | Noticed an orb of fire
117125 | Zot:5    | Killed a dread lich
117126 | Zot:5    | Reached skill level 27 in Throwing
117130 | Zot:5    | Killed an orb of fire
117418 | Zot:5    | Noticed an ancient lich
117433 | Zot:5    | Killed an ancient lich
117514 | Zot:5    | Noticed an ancient lich
117520 | Zot:5    | Killed an ancient lich
117552 | Zot:5    | Noticed a dread lich
117552 | Zot:5    | Noticed an orb of fire
117559 | Zot:5    | Killed a dread lich
117652 | Zot:5    | Killed an orb of fire
117721 | Zot:5    | Got the Orb of Zot
118300 | D:$      | Escaped with the Orb!

Illustrated notes

Levels and vault maps discovered:
D:1:      minmay_arrival_semitransparent, layout_rooms
D:2:      layout_loops_ring, ebering_ecumenical_altar_sacrificial,
          nicolae_wormholes
D:3:      layout_basic
D:4:      layout_rooms, nicolae_concentric_dashed_squares_mild,
          minmay_manual_macuahuitl, uniq_grinder, uniq_eustachio
D:5:      layout_cave_pods, serial_park, serial_park_square3
          [serial_park_minivault_5x5_4], serial_park_tiny_2,
          serial_park_square2, serial_park_square1
          [serial_park_minivault_5x5_8], serial_park_square3
          [serial_park_minivault_5x5_8], nicolae_shop_i_like_big_books
D:6:      layout_basic, minmay_temple_entry_gardened_gates, serial_bayou_pond_b
D:7:      layout_loops_corners, elyvilon_altar_1, serial_shops, shop,
          minmay_door_square, kennysheep_generic_room_13
D:8:      layout_basic, mainiacjoe_overflow_paths, erik_lair_island,
          hellmonk_ghost_happy_afterlife, uniq_grum
D:9:      layout_roguey, nicolae_have_a_lightning_rod
D:10:     layout_basic, nzn_hepliaklqana_mist_gate, david_orc_3,
          minmay_curled_crystal
D:11:     layout_rooms, gammafunk_ghost_stat_death, grunt_decor_mini_mirrors,
          hangedman_stone_soup
D:12:     dreamdust_cave_troll, layout_irregular_city
D:13:     layout_loops_ring, david_vaults_1, nicolae_rejected_hall
D:14:     layout_long_grid, nemelex_xobeh_ov_fountains_minmay,
          kennysheep_just_a_vault, uniq_roxanne, uniq_agnes, uniq_frances
D:15:     gammafunk_enter_depths_forms, layout_irregular_city, billiards_dpeg,
          uniq_nessos
Temple:   nicolae_temple_bog_church
Lair:1:   layout_roguey, dreamdust_gnoll_shepherd, lemuel_fruit_fields
Lair:2:   layout_regular_city, wad_woods_03, grunt_megastairs_2,
          lemuel_fruit_fields, uniq_amaemon
Lair:3:   layout_regular_city, elwin_shoals_entry_rocks, dummy_spider_entry,
          lemuel_fruit_fields, grunt_megastairs_1
Lair:4:   layout_cave_pods, nicolae_slime_entry_field_trip, special_room
          [special_room_bee]
Lair:5:   evilmike_catoblepas_cave, layout_layer_cave,
          infiniplex_staircase_pool_2, uniq_sonja
Shoals:1: layout_shoals, nicolae_shop_firing_range
Shoals:2: layout_shoals, nicolae_shoals_shepherds
Shoals:3: layout_shoals, serial_shops, shop
Shoals:4: shoals_end_hellmonk_holy_island, uniq_donald
Spider:1: layout_chambers, uniq_rupert, uniq_mlioglotl
Spider:2: layout_chambers, hellmonk_test_site, uniq_asterion
Spider:3: layout_spider_delve
Spider:4: spider_rune_water, ebering_ghost_disaster_area, uniq_arachne,
          uniq_aizul
Slime:1:  layout_caves
Slime:2:  layout_caves
Slime:3:  layout_caves
Slime:4:  layout_caves
Slime:5:  slime_pit_nicolae_trefoil
Orc:1:    layout_caves, nicolae_volcano_entry_batcave
Orc:2:    st_orc_mages, layout_diamond_mine, nicolae_orc_seminary
Elf:1:    layout_loops_cross, serial_shops, nicolae_shop_gaudy_bauble,
          portal_ice_cave_entry_pillars_2, minivault_28, guppyfry_library_mini
Elf:2:    nicolae_elf_blades_crystal_corner, layout_rooms, serial_shops,
          bzr_entry_gold, drop_trap
Elf:3:    minmay_elf_hall_spiked, layout_loops_cross, serial_shops,
          nicolae_shop_hallway_stairs, shop, shop, shop
Vaults:1: portal_desolation_entry_ruin, v_pattern_2, hangedman_vaults_maws,
          nicolae_vaults_little_squares_3, vaults_room_hallway,
          nicolae_vaults_hallways_thing, nicolae_vaults_specimen_jars,
          nicolae_vaults_trapezoid_layered, nicolae_vaults_little_squares_6,
          nicolae_vaults_more_shelving_2, hangedman_vaults_trim,
          nicolae_vaults_diagonal_hallway_8, nicolae_vaults_twisting_passages,
          v_misc_24, v_misc_14, nicolae_vaults_cochlea,
          ontoclasm_vaults_ring_small, v_misc_9, vaults_room_door_ring,
          nicolae_vaults_house_1, layout_vaults_omnibox, serial_shops,
          nicolae_shop_crystal
Vaults:2: grunt_vaults_swirl, v_alt_pattern_6, nicolae_vaults_wrenched,
          ontoclasm_vaults_ring_large, dpeg_vaults_monster_box,
          nicolae_vaults_closet_pinwheel_1, grunt_vaults_funnel,
          layout_vaults_omnigrid, uniq_nikola, uniq_margery
Vaults:3: nicolae_vaults_diagonal_hallway_7,
          nicolae_vaults_trapezoid_lopsided_1, nicolae_vaults_mini_display_case,
          minmay_crypt_entry_simple_box, serial_library_hellmonk_big_corner,
          nicolae_vaults_taking_the_gang_shopping,
          nicolae_vaults_little_squares_4, nicolae_vaults_network_square,
          v_misc_25, nicolae_vaults_lightning_bolt,
          nicolae_vaults_little_squares_1, nicolae_vaults_border_crossing,
          vaults_room_door_ring, minmay_orc_keep, layout_vaults_ring,
          nicolae_trove_entry_isolated, uniq_zenata, uniq_norris
Vaults:4: nicolae_vaults_sightless_eye, nicolae_vaults_tetromino_T_2, v_misc_29,
          nicolae_vaults_inception_statues, ontoclasm_vaults_chip, v_pattern_4,
          nicolae_vaults_oozy_zoo, ontoclasm_vaults_chip,
          layout_vaults_omnicross, uniq_bai_suzhen
Vaults:5
Crypt:1:  layout_catacombs, st_burial_chamber, grunt_megastairs_3
Crypt:2:  layout_gridlike, st_small_mortuary
Crypt:3:  church_of_pain_bobbens, layout_chaotic_city, weyrava_lich_vault
Tomb:1
Tomb:2
Tomb:3:   uniq_boris
Depths:1: layout_twisted_cross, enter_ziggurat_a, serial_bayou_lagoon_a,
          hell_entry, nicolae_shop_self_help, grunt_megastairs_4,
          minmay_shop_star
Depths:2: minmay_the_grid_plus_closed [minmay_the_grid_expand,
          minmay_the_grid_embedded, minmay_the_grid_tri_star,
          minmay_the_grid_odd_star, minmay_the_grid_prize_big_room],
          layout_basic, hangedman_abyss_or_decor_clamps, hell_entry,
          infiniplex_enter_wizlab_spiral, pan_entry, okawaru_altar_gauntlet_db
Depths:3: grunt_deathspiral_small, layout_cave_pools, rand_demon_pan_entry_3,
          hell_entry, hangedman_decor_diamond_cutter, abyss_entry,
          nicolae_shop_gadgets, minmay_staircase_statues, minmay_shop_grove
Depths:4: lemuel_castle_with_subvaults [lemuel_castle_interior_carwin_2],
          layout_basic, hell_entry, kennysheep_flooded_box,
          nicolae_qazlal_scattered_showers
Hell
Dis:1:    layout_gridville
Dis:2:    layout_gridville
Dis:3:    layout_overlapping_boxes, nicolae_dis_emergency_hatch
Dis:4:    layout_subdivisions
Dis:6:    layout_gridville
Dis:7:    dis_hangedman
Geh:1:    layout_gehenna_lava_caves
Geh:2:    layout_gehenna_lava_caves
Geh:3:    layout_gehenna_pools_box
Geh:4:    layout_gehenna_pools_box
Geh:5:    layout_gehenna_pools_triple, nicolae_hells_leichenhalle
Geh:6:    layout_gehenna_lava_caves
Geh:7:    geh_grunt
Coc:1:    layout_cocytus_water_paths
Coc:2:    layout_ice_bergs
Coc:3:    layout_cocytus_water_paths
Coc:4:    layout_ice_bergs
Coc:5:    layout_ice_bergs
Coc:6:    layout_ice_bergs
Coc:7:    coc_dpeg
Tar:1:    layout_catacombs
Tar:2:    layout_grid_maze
Tar:4:    layout_honeycomb, evilmike_ambush [evilmike_ambush_outer_doors,
          evilmike_ambush_inner_basic]
Tar:5:    layout_grid_maze, door_vault
Tar:6:    layout_grid_maze
Tar:7:    tar_minmay_river
Zot:1:    layout_misc_corridors, st_stairs_13, zot_minivault_5
Zot:2:    layout_gridville, st_stairs_11
Zot:3:    dreamdust_zin_vs_xom, layout_basic, hangedman_zot_diagonal_lockstep,
          hangedman_snake_sidewinding, uniq_grunn
Zot:4:    grunt_zot_stairs_faceoff, layout_misc_corridors
Zot:5:    layout_gridlike, st_stairs_6

Skill      XL: |  1  2  3  4  5  6  7  8  9 10 11 12 13 14 15 16 17 18 19 20 21 22 23 24 25 26 27 |
---------------+----------------------------------------------------------------------------------+-----
Spellcasting   | 2 3 |  3.0
Fighting       | 1 2 3 5 7 8 9 10 11 13 15 16 17 18 19 20 21 22 27 | 27.0
Summonings     | 4 5 6 7 |  7.1
Short Blades   | 1 |  1.0
Armour         | 1 4 6 8 9 10 11 12 13 14 15 16 17 18 20 22 27 | 27.0
Ice Magic      | 2 5 7 |  7.1
Ranged Weapons | 1 2 3 |  3.0
Unarmed Combat | 5 8 10 12 13 15 16 17 18 19 21 22 23 27 | 27.0
Polearms       | 1 |  1.1
Invocations    | 2 5 7 9 11 13 15 16 17 18 20 23 24 27 | 27.0
Evocations     | 2 3 23 | 23.4
Shields        | 5 7 9 11 13 14 15 16 18 20 22 23 27 | 27.0
Throwing       | 3 5 7 27 | 27.0
Dodging        | 14 | 14.0
Stealth        | |  2.1

Action                     |  1- 3 |  4- 6 |  7- 9 | 10-12 | 13-15 | 16-18 | 19-21 | 22-24 | 25-27 || total
---------------------------+-------+-------+-------+-------+-------+-------+-------+-------+-------++-------
  Melee: Unarmed           |     6 |       |       |   298 |  1154 |  1840 |  1896 |  1967 |  8437 || 15598
         Dagger            |     3 |     4 |       |       |       |       |       |       |       ||     7
         Punch             |       |       |       |    30 |    47 |       |       |       |       ||    77
   Fire: Orcbow            |       |     7 |    41 |   109 |       |       |       |       |       ||   157
  Throw: Stone             |     2 |       |       |       |       |       |       |       |       ||     2
         Boomerang         |       |     4 |       |    34 |    82 |   102 |    30 |    10 |   228 ||   490
         Dart              |       |       |       |    24 |    56 |     5 |     2 |       |       ||    87
         Throwing net      |       |       |       |       |       |     2 |     1 |       |     1 ||     4
         Javelin           |       |       |       |       |       |       |    25 |     1 |    20 ||    46
   Cast: Summon Small Mamm |    30 |    23 |     7 |    23 |     6 |       |       |       |       ||    89
         Call Imp          |    27 |    43 |    49 |    91 |    71 |       |       |       |       ||   281
         Call Canine Famil |     4 |     8 |    31 |    75 |    68 |       |       |       |       ||   186
         Summon Ice Beast  |       |     3 |    25 |    93 |    75 |       |       |       |       ||   196
 Invoke: Minor Destruction |       |       |       |     2 |    16 |     4 |       |       |       ||    22
         Lesser Servant of |       |       |       |     1 |    25 |    14 |    18 |       |       ||    58
         Major Destruction |       |       |       |       |     8 |    31 |    23 |       |       ||    62
         Greater Servant o |       |       |       |       |       |     6 |     6 |       |       ||    12
         Line Pass         |       |       |       |       |       |       |     1 |     2 |    12 ||    15
         Grand Finale      |       |       |       |       |       |       |       |    21 |    78 ||    99
         Stomp             |       |       |       |       |       |       |       |       |     5 ||     5
  Evoke: Wand              |       |       |       |    12 |    34 |    24 |    12 |     5 |    33 ||   120
         Lightning rod     |       |       |       |    10 |    19 |     7 |       |       |       ||    36
         Sack of spiders   |       |       |       |       |       |     3 |     2 |       |     1 ||     6
         Phantom mirror    |       |       |       |       |       |       |     2 |     1 |     2 ||     5
         Phial of floods   |       |       |       |       |       |       |     1 |       |     2 ||     3
         Condenser vane    |       |       |       |       |       |       |       |       |     1 ||     1
    Use: Potion            |     1 |       |       |     2 |    11 |    11 |    10 |    10 |    54 ||    99
         Scroll            |     1 |     3 |     5 |     8 |    20 |    17 |    12 |    12 |    50 ||   128
   Stab: Sleeping          |     1 |       |       |     1 |     1 |       |       |       |       ||     3
         Invisible         |       |       |       |     7 |     4 |     6 |     1 |       |    10 ||    28
         Distracted        |       |       |       |     2 |     4 |     6 |     5 |     2 |     4 ||    23
         Held in net/web   |       |       |       |       |       |     1 |       |       |     3 ||     4
         Paralysed         |       |       |       |       |       |       |    21 |   188 |   904 ||  1113
         Confused          |       |       |       |       |       |       |     1 |     2 |    13 ||    16
         Fleeing           |       |       |       |       |       |       |       |     1 |       ||     1
         Betrayed ally     |       |       |       |       |       |       |       |       |     1 ||     1
 Armour: Robe              |     7 |     9 |    10 |    84 |       |       |       |       |       ||   110
         Ring mail         |       |       |       |   206 |   301 |       |       |       |       ||   507
         Plate armour      |       |       |       |       |   710 |  1570 |  1089 |   886 |  2836 ||  7091
  Dodge: Dodged            |     7 |    14 |    10 |   168 |   358 |   405 |   215 |   189 |   800 ||  2166
         Repelled          |       |       |     3 |     5 |       |     5 |       |       |       ||    13
  Block: Kite shield       |       |       |       |       |   416 |  1065 |     9 |       |       ||  1490
         Tower shield      |       |       |       |       |       |       |  1474 |  1837 |  6943 || 10254
         Reflection        |       |       |       |       |       |       |    35 |    23 |   147 ||   205
